 Dungeon Crawl Stone Soup version 0.30.0-5-g1a98f26d00 (webtiles) character file.

Game seed: 15826252016016564380

39 Irreverend the Shield-Bearer (level 3, -2/36 HPs)
             Began as a Troll Fighter on May 13, 2023.
             Killed by divine providence
             ... invoked by an orc priest
              (12 damage)
             ... on level 4 of the Dungeon.
             The game lasted 00:01:14 (1158 turns).

Irreverend the Shield-Bearer (Troll Fighter)        Turns: 1158, Time: 00:01:14

Health: -2/36      AC:  4    Str: 24    XL:     3   Next: 28%
Magic:  2/2        EV:  8    Int:  6    God:
Gold:   94         SH:  7    Dex:  9    Spells: 2/2 levels left

rFire   . .          .
                       - Unarmed
rCold   . . .        b - +0 kite shield
rNeg    . . .        a - +0 robe
rPois   .            (helmet restricted)
rElec   .            (no cloak)
rCorr   .            (gloves unavailable)
SInv    .            (boots unavailable)
Will    .....        (no amulet)
Stlth   +            (no ring)
HPRegen 1.06/turn    (no ring)
MPRegen 0.08/turn

%: no passive effects
@: no status effects
A: large, unfitting armour, claws 3, regeneration 1, shaggy fur 1, tough skin 1
a: no special abilities


You were on level 4 of the Dungeon.
You visited 1 branch of the dungeon, and saw 3 of its levels.

You collected 94 gold pieces.

Inventory:

Armour
 a - a +0 robe (worn)
 b - a +0 kite shield (worn)
Scrolls
 e - a scroll of amnesia {unknown}
 g - 2 scrolls of identify {unknown}
 h - a scroll of fear {unknown}
 i - a scroll of fog {unknown}
Potions
 c - a potion of might
 d - 2 potions of haste {unknown}
 f - 2 potions of curing {unknown}


   Skills:
 + Level 2.9 Fighting
 - Level 2.4 Dodging
 + Level 3.2 Shields
 + Level 2.7 Unarmed Combat


You had 2 spell levels left.
You didn't know any spells.
Your spell library was empty.

Dungeon Overview and Level Annotations

Branches:
Dungeon (4/15)
 Temple: D:4-7

Altars:
Ashenzari


Innate Abilities, Weirdness & Mutations

You are too large for most types of armour.
You have claws for hands.
Your natural rate of healing is unusually fast.
You are covered in fur. (AC +1)
You have tough skin. (AC +1)


Message History

Found 4 javelins.
Found a stone staircase leading down.
g - 2 scrolls labelled COFEOSS VERHUE (gained 1)
You now have 79 gold pieces (gained 4).
There is a stone staircase leading down here.
There is a stone staircase leading down here.
A sourceless malevolence fills the Dungeon...
You fall into a shaft and drop 2 floors!
The shaft crumbles and collapses.
You hear the sound of rushing water.
There is an entrance to a sewer on this level.
Hurry and find it before the portal rusts away!
Found a leather armour.
Found a stone staircase leading down.
Found 15 gold pieces.
You now have 94 gold pieces (gained 15).
An orc comes into view. It is wielding a +0 short sword.
The orc shouts!
You scratch the orc.
The orc is severely wounded.
An orc priest comes into view. It is wielding a +0 short sword.
The orc closely misses you.
You claw the orc!
You kill the orc!
The orc priest looks braver for a moment.
An orc priest comes into view. It is wielding a +0 whip.
The orc priest shouts!
An orc comes into view. It is wielding a +0 short sword.
The orc priest hits you with a +0 whip.
You barely miss the orc priest.
The orc priest calls down the wrath of Beogh upon you.
Beogh smites you!
You closely miss the orc priest. You block the orc priest's attack.
You scratch the orc priest but do no damage.
The orc hits you with a +0 short sword.
The orc priest calls down the wrath of Beogh upon you.
Beogh smites you!
* * * LOW HITPOINT WARNING * * *
You closely miss the orc priest. You block the orc's attack.
The orc priest invokes the aid of Beogh against you.
Beogh smites you!
You die...

##.......###....
#...............
##..###.........
#..........#
#..........###
#####...........#
##.##...)...........
#####...#...o#.........#
#.##.......o@##.........
###.......##.o###........#
#......#......# ##o.......
###.#...##....#... .......
#..[#....#....#.... ......
.......>..##.###..## ##..
##...........# ..#
##...#.#....# ....###.^..


You could see 2 orc priests and an orc.

Vanquished Creatures
  An adder (D:2)
  An orc (D:4)
  3 bats
  5 endoplasms
  A giant cockroach (D:1)
  A hobgoblin (D:1)
  3 jackals (D:1)
  A kobold (D:1)
  2 quokkas (D:1)
  A ball python (D:1)
  2 frilled lizards
  3 goblins
  2 rats (D:1)
26 creatures vanquished.

Notes
Turn   | Place    | Note
-------+----------+-------------------------------------------
     0 | D:1      | Irreverend the Troll Fighter began the quest for the Orb.
     0 | D:1      | Reached XP level 1. HP: 22/22 MP: 0/0
   193 | D:1      | Found a faded altar of an unknown god.
   216 | D:1      | Reached XP level 2. HP: 27/29 MP: 1/1
   394 | D:1      | Reached skill level 3 in Shields
   853 | D:2      | Reached XP level 3. HP: 36/36 MP: 2/2
   867 | D:2      | Found a broken altar of Ashenzari.
  1127 | D:2      | You fall into a shaft and drop 2 floors!
  1158 | D:4      | Killed from afar by an orc priest

Illustrated notes

Levels and vault maps discovered:
D:1:      dpeg_arrival_tiny_c, layout_loops_ring,
          shapermc_ecumenical_altar_totnotflames, reono_crystal_passage,
          roderic_lattice_a
D:2:      layout_basic, basic_altar
D:4:      layout_cave_pools, portal_sewer_entry_d

Skill      XL: |  1  2 |
---------------+-------+-----
Shields        | 3 |  3.2
Fighting       | |  2.9
Dodging        | |  2.4
Unarmed Combat | |  2.7

Action                     || total
---------------------------++-------
  Melee: Unarmed           ||    70
 Armour: Robe              ||    22
  Dodge: Dodged            ||    24
  Block: Kite shield       ||    27
